 Dungeon Sprint DCSS version 0.22-a0-351-g29664b4 (webtiles) character file.

4062 AnonRepulsa the Nimble (level 10, -2/66 HPs)
             Began as a Gnoll Wanderer on Apr 13, 2018.
             Was a Believer of Nemelex Xobeh.
             Slain by a centaur warrior (12 damage)
             ... in the Dungeon (Sprint I: "Red Sonja").
             The game lasted 00:07:56 (1088 turns).

AnonRepulsa the Nimble (Gnoll Wanderer)             Turns: 1088, Time: 00:07:57

Health: -2/66      AC:  2    Str: 18    XL:     10   Next: 25%
Magic:  20/20      EV: 19    Int: 12    God:    Nemelex Xobeh [**....]
Gold:   89         SH:  0    Dex: 18    Spells: 26/26 levels left

rFire    . . .     SeeInvis .   c - +1 short sword
rCold    . . .     Gourm    +   (no shield)
rNeg     . . .     Faith    .   a - +0 leather armour
rPois    .         Spirit   .   (no helmet)
rElec    .         Reflect  .   (no cloak)
rCorr    .         Harm     .   (no gloves)
MR       .....     Rnd*Rage +   (no boots) Stlth ++++......NoTele +
                                t - amulet of the gourmand
HPRegen  0.21/turn              m - +5 ring of dexterity
MPRegen  0.17/turn              (no ring)

@: no status effects
A: distributed training, fangs 1, berserk 2, deformed body, dopey 1, frail 2,
low mp 1, screaming 1, weak 1, subdued magic 1, strong nose
a: Renounce Religion


You were in the Dungeon.
You worshipped Nemelex Xobeh.
Nemelex Xobeh was pleased with you.
You were not hungry.

You visited 1 branch You collected 901 gold pieces.
You spent 812 gold pieces at shops.

Inventory:

Hand Weapons
 c - a +1 short sword (weapon)
 q - a +0 blowgun
Missiles
 k - a throwing net (quivered)
 p - 4 curare-tipped needles
Armour
 a - a +0 leather armour (worn)
Jewellery
 m - a +5 ring of dexterity (left hand)
 t - an amulet of the gourmand (around neck)
Wands
 b - a wand of digging (17)
 e - a wand of acid (10)
 o - a wand of scattershot (2)
Scrolls
 i - a scroll of immolation
 j - a scroll of blinking
 l - a scroll of enchant armour
 n - a scroll of fear
 r - a scroll of enchant weapon
Potions
 d - 6 potions of curing
 g - a potion of haste
 h - 2 potions of magic
Comestibles
 f - 2 rations


   Skills:
 + Level 9.0 Fighting
 + Level 9.7 Short Blades
 + Level 8.5 Long Blades
 + Level 8.5 Axes
 + Level 8.5 Maces & Flails
 + Level 8.5 Polearms
 + Level 8.5 Staves
 + Level 8.5 Slings
 + Level 8.5 Bows
 + Level 8.5 Crossbows
 + Level 9.0 Throwing
 + Level 8.5 Armour
 + Level 9.7 Dodging
 + Level 8.5 Stealth
 + Level 9.0 Shields
 + Level 8.5 Unarmed Combat
 + Level 8.5 Spellcasting
 + Level 7.1 Conjurations
 + Level 7.1 Hexes
 + Level 7.1 Charms
 + Level 8.1 Summonings
 + Level 7.1 Necromancy
 + Level 7.5 Translocations
 + Level 7.1 Transmutations
 + Level 7.1 Fire Magic
 + Level 7.1 Ice Magic
 + Level 7.1 Air Magic
 + Level 7.1 Earth Magic
 + Level 7.1 Poison Magic
 + Level 9.3 Invocations
 + Level 8.5 Evocations


You had 26 spell levels left.
You didn't know any spells.

Dungeon Overview and Level Annotations

Branches:
Dungeon (1/1)

Altars:
Cheibriados
Dithmenos
Elyvilon
Fedhas
Gozag
Hepliaklqana
Kikubaaqudgha
Makhleb
Nemelex Xobeh
Okawaru
Qazlal
Ru
Sif Muna
Trog
Uskayaw
Vehumet
Wu Jian
Xom
Yredelemnul
Zin
The Shining One
Jiyva
Lugonu

Shops:
D [}?*:![


Innate Abilities, Weirdness & Mutations

Your experience applies equally to all skills.
You have very sharp teeth.
Your uncanny sense of smell can sniff out nearby items.
You often lose your temper in combat.
Armour fits poorly on your strangely shaped body.
You are dopey. (Int -2)
You are very frail. (-20% HP)
Your magical capacity is low. (-10% MP)
You occasionally shout uncontrollably at your foes.
You are weak. (Str -2)
Your spells are a little easier to cast, but a little less powerful.


Message History

The centaur warrior is lightly wounded.
The centaur warrior hits you!
* * * LOW HITPOINT WARNING * * *
You hit the centaur warrior but do no damage.
You punch the centaur warrior, but do no damage.
Your bite misses the centaur warrior.
The centaur warrior is lightly wounded.
The centaur warrior hits you.
* * * LOW HITPOINT WARNING * * *
Evoke which item? (* to show all) (? for menu, Esc to quit)
Aiming: Corrosive Bolt
Press: ? - help, Shift-Dir - straight line, f - centaur warrior
Aim: a centaur warrior (purple smoke, lightly wounded)
The bolt of acid hits the centaur warrior.
The centaur warrior is splashed with acid.
The acid corrodes the centaur warrior!
The centaur warrior is severely wounded.
The centaur warrior hits you!
You die...
Your body disappears without a glow.

###################
#..'..#.)'..#__#..+
∆∆
').#.)'..#..'..'..#
#####'#####'#__####
####..#...#.####§§# ∆
#__####..##.#≈≈§§§#∆∆
#_____##'#_.+≈≈§§§+
#_.∩...'..._#(≈§@c#∆∆
._..__##_.#'##'####
#_____###'#)#(.).###
∆
#########.####'###.##
∆
.......'...'..[..'.∩#
''''####.).##########
∆ .....####.### ∆
......#.#'#.# ∆
#.....#.....# ∆∆


You could see a centaur warrior.

Vanquished Creatures
  A centaur warrior (D)
  Sonja (D)
  A shining eye (D)
  A slime creature (D)
  Sigmund (D)
  A yak (D)
  A floating eye (D)
  An ogre (D)
  A jelly (D)
  Ijyb (D)
  4 ballistomycetes (D)
14 creatures vanquished.

Vanquished Creatures (collateral kills)
  A deep troll (D)
  7 shining eyes (D)
  3 floating eyes (D)
11 creatures vanquished.

Vanquished Creatures (others)
  2 ballistomycete spores (D)
2 creatures vanquished.

Grand Total: 27 creatures vanquished

Notes
Turn   | Place    | Note
-------+----------+-------------------------------------------
     0 | D        | AnonRepulsa the Gnoll Wanderer began the quest for the Orb.
     0 | D        | AnonRepulsa set off with: a +0 leather armour, 3 throwing nets, a +0 short sword, 2 potions of curing, a potion of heal wounds, a ration, a potion of haste, 2 potions of magic, a potion of berserk rage, a scroll of blinking
     0 | D        | Reached XP level 1. HP: 17/17 MP: 1/1
     1 | D        | Noticed Ijyb
    24 | D        | Killed Ijyb
    24 | D        | Reached skill level 1 in Long Blades
    24 | D        | Reached skill level 1 in Axes
    24 | D        | Reached skill level 1 in Maces & Flails
    24 | D        | Reached skill level 1 in Polearms
    24 | D        | Reached skill level 1 in Staves
    24 | D        | Reached skill level 1 in Slings
    24 | D        | Reached skill level 1 in Bows
    24 | D        | Reached skill level 1 in Crossbows
    24 | D        | Reached skill level 1 in Armour
    24 | D        | Reached skill level 1 in Stealth
    24 | D        | Reached skill level 1 in Unarmed Combat
    24 | D        | Reached skill level 1 in Spellcasting
    24 | D        | Reached skill level 1 in Conjurations
    24 | D        | Reached skill level 1 in Hexes
    24 | D        | Reached skill level 1 in Charms
    24 | D        | Reached skill level 1 in Necromancy
    24 | D        | Reached skill level 1 in Transmutations
    24 | D        | Reached skill level 1 in Fire Magic
    24 | D        | Reached skill level 1 in Ice Magic
    24 | D        | Reached skill level 1 in Air Magic
    24 | D        | Reached skill level 1 in Earth Magic
    24 | D        | Reached skill level 1 in Poison Magic
    24 | D        | Reached skill level 1 in Invocations
    24 | D        | Reached skill level 1 in Evocations
    24 | D        | Reached XP level 2. HP: 24/24 MP: 1/4
    24 | D        | Reached XP level 3. HP: 29/29 MP: 1/5
    89 | D        | Noticed an ogre
    96 | D        | Killed an ogre
    96 | D        | Reached skill level 5 in Short Blades
    96 | D        | Reached skill level 5 in Dodging
    96 | D        | Reached XP level 4. HP: 37/37 MP: 5/8
   123 | D        | Noticed Sigmund
   133 | D        | Killed Sigmund
   133 | D        | Reached skill level 5 in Fighting
   133 | D        | Reached skill level 5 in Throwing
   133 | D        | Reached skill level 5 in Shields
   133 | D        | Reached skill level 5 in Summonings
   133 | D        | Reached XP level 5. HP: 32/44 MP: 8/11
   133 | D        | Reached XP level 6. HP: 37/51 MP: 8/12
   214 | D        | Found an ornate altar of the Wu Jian Council.
   214 | D        | Found a deep blue altar of Sif Muna.
   216 | D        | Found a radiant altar of Vehumet.
   244 | D        | Found Poxaotusa's Assorted Antiques.
   244 | D        | Found an ancient bone altar of Kikubaaqudgha.
   244 | D        | Found a hazy altar of Hepliaklqana.
   244 | D        | Found a stormy altar of Qazlal.
   244 | D        | Found a hide-covered altar of Uskayaw.
   244 | D        | Found a blossoming altar of Fedhas.
   244 | D        | Found a bloodstained altar of Trog.
   244 | D        | Found an iron altar of Okawaru.
   244 | D        | Found a basalt altar of Yredelemnul.
   244 | D        | Found a glowing golden altar of the Shining One.
   244 | D        | Found a snail-covered altar of Cheibriados.
   244 | D        | Found a sacrificial altar of Ru.
   244 | D        | Found a glowing silver altar of Zin.
   244 | D        | Found a shadowy altar of Dithmenos.
   244 | D        | Found a white marble altar of Elyvilon.
   244 | D        | Noticed a yak
   261 | D        | Killed a yak
   261 | D        | Reached skill level 5 in Long Blades
   261 | D        | Reached skill level 5 in Axes
   261 | D        | Reached skill level 5 in Maces & Flails
   261 | D        | Reached skill level 5 in Polearms
   261 | D        | Reached skill level 5 in Staves
   261 | D        | Reached skill level 5 in Slings
   261 | D        | Reached skill level 5 in Bows
   261 | D        | Reached skill level 5 in Crossbows
   261 | D        | Reached skill level 5 in Armour
   261 | D        | Reached skill level 5 in Stealth
   261 | D        | Reached skill level 5 in Unarmed Combat
   261 | D        | Reached skill level 5 in Spellcasting
   261 | D        | Reached skill level 5 in Invocations
   261 | D        | Reached skill level 5 in Evocations
   261 | D        | Reached XP level 7. HP: 33/57 MP: 12/14
   262 | D        | Found an opulent altar of Gozag.
   264 | D        | Found a sparkling altar of Nemelex Xobeh.
   267 | D        | Became a worshipper of Nemelex Xobeh the Trickster
   270 | D        | Bought a shiny brass ring for 135 gold pieces
   270 | D        | Bought a viscous emerald potion for 24 gold pieces
   270 | D        | Bought a curved brass wand for 108 gold pieces
   270 | D        | Bought a scroll labeled PARGHA UMECHOJU for 27 gold pieces
   270 | D        | Bought a scroll labeled DELET WAJ HUFF for 27 gold pieces
   486 | D        | Found a burning altar of Makhleb.
   486 | D        | Found a viscous altar of Jiyva.
   486 | D        | Found a shimmering altar of Xom.
   486 | D        | Found a corrupted altar of Lugonu.
   486 | D        | Noticed a slime creature
   494 | D        | Killed a slime creature
   494 | D        | Reached skill level 5 in Translocations
   496 | D        | Received a gift from Nemelex Xobeh
   518 | D        | Noticed Sonja
   523 | D        | Killed Sonja
   523 | D        | Reached skill level 5 in Conjurations
   523 | D        | Reached skill level 5 in Hexes
   523 | D        | Reached skill level 5 in Charms
   523 | D        | Reached skill level 5 in Necromancy
   523 | D        | Reached skill level 5 in Transmutations
   523 | D        | Reached skill level 5 in Fire Magic
   523 | D        | Reached skill level 5 in Ice Magic
   523 | D        | Reached skill level 5 in Air Magic
   523 | D        | Reached skill level 5 in Earth Magic
   523 | D        | Reached skill level 5 in Poison Magic
   523 | D        | Reached XP level 8. HP: 44/65 MP: 15/17
   568 | D        | Found Galuampeb's Armour Boutique.
   568 | D        | Reached * piety under Nemelex Xobeh
   594 | D        | Bought a potion of curing for 81 gold pieces
   781 | D        | Noticed a shining eye
   781 | D        | Noticed a shining eye
   781 | D        | Noticed a shining eye
   782 | D        | Paralysed by a floating eye for 4 turns
   784 | D        | Noticed a shining eye
   787 | D        | Noticed a shining eye
   789 | D        | Gained mutation: You are frail. (-10% HP) [a shining eye]
   791 | D        | Paralysed by a floating eye for 4 turns
   792 | D        | Gained mutation: You tend to lose your temper in combat. [a shining eye]
   795 | D        | Killed a shining eye
   796 | D        | Gained mutation: You are weak. (Str -2) [a shining eye]
   810 | D        | Killed a shining eye
   810 | D        | Reached XP level 9. HP: 64/64 MP: 19/19
   822 | D        | Gained mutation: You are dopey. (Int -2) [a shining eye]
   825 | D        | Killed a shining eye
   832 | D        | Killed a shining eye
   836 | D        | Noticed a shining eye
   836 | D        | Gained mutation: You often lose your temper in combat. [a shining eye]
   842 | D        | Gained mutation: Your magical capacity is low. (-10% MP) [a shining eye]
   846 | D        | Gained mutation: You are very frail. (-20% HP) [a shining eye]
   848 | D        | Gained mutation: Your spells are a little easier to cast, but a little less powerful. [a shining eye]
   850 | D        | Gained mutation: Armour fits poorly on your strangely shaped body. [a shining eye]
   852 | D        | Gained mutation: You occasionally shout uncontrollably at your foes. [a shining eye]
   854 | D        | Killed a shining eye
   855 | D        | Killed a shining eye
   932 | D        | Noticed a shining eye
   932 | D        | Noticed a shining eye
   936 | D        | Killed a shining eye
   939 | D        | Killed a shining eye
   948 | D        | Found Teitum's Gadget Shoppe.
   948 | D        | Found Joihonul's Book Shop.
   948 | D        | Reached ** piety under Nemelex Xobeh
   948 | D        | Found Ilent's Magic Scroll Emporium.
   948 | D        | Found Zeicvaoh's Distillery.
   955 | D        | Bought a scroll of immolation for 38 gold pieces
   955 | D        | Bought a scroll of enchant armour for 82 gold pieces
   955 | D        | Bought a scroll of fear for 38 gold pieces
   955 | D        | Bought a scroll of enchant weapon for 82 gold pieces
   962 | D        | Bought a potion of heal wounds for 50 gold pieces
   962 | D        | Bought a potion of heal wounds for 50 gold pieces
   962 | D        | Bought a potion of degeneration for 10 gold pieces
   985 | D        | Noticed a deep troll
   989 | D        | Killed a deep troll
   989 | D        | Reached XP level 10. HP: 65/65 MP: 20/20
  1001 | D        | Found Qeutueth's Armour Emporium.
  1049 | D        | Bought a potion of curing for 30 gold pieces
  1049 | D        | Bought a potion of curing for 30 gold pieces
  1073 | D        | Noticed a centaur warrior
  1074 | D        | Noticed a centaur warrior
  1079 | D        | Killed a centaur warrior
  1079 | D        | HP: 1/66 [centaur warrior/arrow (18)]
  1088 | D        | Slain by a centaur warrior

Vault maps used:
D:        dungeon_sprint_1

Skill      XL: |  1  2  3  4  5  6  7  8  9 10 |
---------------+-------------------------------+-----
Fighting       | 3 4 5 6 7 8 9 |  9.0
Long Blades    | 1 3 4 5 6 7 8 |  8.5
Axes           | 1 3 4 5 6 7 8 |  8.5
Maces & Flails | 1 3 4 5 6 7 8 |  8.5
Polearms       | 1 3 4 5 6 7 8 |  8.5
Staves         | 1 3 4 5 6 7 8 |  8.5
Slings         | 1 3 4 5 6 7 8 |  8.5
Bows           | 1 3 4 5 6 7 8 |  8.5
Crossbows      | 1 3 4 5 6 7 8 |  8.5
Throwing       | 3 4 5 6 7 8 9 |  9.0
Armour         | 1 3 4 5 6 7 8 |  8.5
Stealth        | 1 3 4 5 6 7 8 |  8.5
Shields        | 3 4 5 6 7 8 9 |  9.0
Unarmed Combat | 1 3 4 5 6 7 8 |  8.5
Spellcasting   | 1 3 4 5 6 7 8 |  8.5
Conjurations   | 1 2 3 4 5 6 7 |  7.1
Hexes          | 1 2 3 4 5 6 7 |  7.1
Charms         | 1 2 3 4 5 6 7 |  7.1
Summonings     | 4 5 6 7 8 |  8.1
Necromancy     | 1 2 3 4 5 6 7 |  7.1
Translocations | 2 3 4 5 6 7 |  7.5
Transmutations | 1 2 3 4 5 6 7 |  7.1
Fire Magic     | 1 2 3 4 5 6 7 |  7.1
Ice Magic      | 1 2 3 4 5 6 7 |  7.1
Air Magic      | 1 2 3 4 5 6 7 |  7.1
Earth Magic    | 1 2 3 4 5 6 7 |  7.1
Poison Magic   | 1 2 3 4 5 6 7 |  7.1
Invocations    | 1 3 4 5 7 9 |  9.3
Evocations     | 1 3 4 5 6 7 8 |  8.5
Short Blades   | 5 6 7 8 9 |  9.7
Dodging        | 5 6 7 8 9 |  9.7

Action                   |  1- 3 |  4- 6 |  7- 9 | 10-12 || total
-------------------------+-------+-------+-------+-------++-------
Melee: Short sword       |    22 |    27 |    52 |     5 ||   106
       Bite              |     4 |     3 |    10 |     1 ||    18
       Punch             |       |     2 |     3 |     1 ||     6
Throw: Throwing net      |     4 |     3 |     1 |       ||     8
Evoke: Wand              |     1 |       |     2 |     3 ||     6
       Deck              |       |       |     5 |       ||     5
  Use: Potion            |     1 |       |     4 |     3 ||     8
       Scroll            |       |       |     3 |       ||     3
 Stab: Sleeping          |     1 |     1 |       |       ||     2
       Held in net/web   |       |     2 |     3 |       ||     5
  Eat: Ration            |       |       |       |     1 ||     1
Armor: Leather armour    |     3 |     1 |       |       ||     4
Dodge: Dodged            |    10 |     1 |     2 |     9 ||    22

Table legend:
 A = Spawn XP
 B = Non-spawn XP
 C = Spawn XP percentage of total XP
 D = Spawn monster count
 E = Non-spawn monster count
 F = Spawn count percentage of total count
 G = Total turns spent on level
                    A         B        C        D         E        F      G
               +---------+---------+-------+---------+---------+-------+---------
         Total |       0 |    5803 |   0.0 |       0 |      21 |   0.0 |  1088
               +---------+---------+-------+---------+---------+-------+---------
             D |       0 |    5803 |   0.0 |       0 |      21 |   0.0 |  1088
               +---------+---------+-------+---------+---------+-------+---------
